 Dungeon Crawl Stone Soup version 0.16-a0-4092-gb8933cd (webtiles) character file.

1790 Ololoev the Gouger (level 8, 0/33 HPs)
             Began as a Felid Warper on Feb 21, 2015.
             Was an Initiate of Sif Muna.
             Slain by a kobold (1 damage)
             ... on level 7 of the Dungeon on Feb 24, 2015.
             The game lasted 00:41:02 (11671 turns).

Ololoev the Gouger (Felid Warper)                  Turns: 11671, Time: 00:41:02

Health: 0/33       AC:  2    Str:  7    XL:     8   Next: 82%
Magic:  18/18      EV: 25    Int: 17    God:    Sif Muna [......]
Gold:   431        SH:  0    Dex: 18    Spells: 4 memorised, 4 levels left
                                        Lives:  0   Deaths: 2

rFire  . . .     SeeInvis +       - Unarmed
rCold  + . .     Clarity  .     (armour unavailable)
rNeg   + . .     SustAb   .     (shield unavailable)
rPois  .         Gourm    .     (helmet unavailable)
rElec  .         Spirit   .     (cloak unavailable)
rCorr  .         Warding  +     (gloves unavailable)
rMut   .         Stasis   .     (boots unavailable)
MR     +....                    o - amulet of warding
Stlth  ++........               C - ring of protection from cold
                                n - +3 ring of dexterity

@: quick, somewhat resistant to hostile enchantments, unstealthy
A: paw claws, no armour, no weapons or thrown items, fangs 3, see invisible,
carnivore 3, speed 1, shaggy fur 2, slow metabolism 1, sharp paws
a: Renounce Religion


You were on level 7 of the Dungeon.
You worshipped Sif Muna.
Sif Muna was noncommittal.
You were very full.

You visited 1 branch of the dungeon, and saw 7 of its levels.

You collected 431 gold pieces.

Notes
Turn   | Place    | Note
--------------------------------------------------------------
     0 | D:1      | Ololoev, the Felid Warper, began the quest for the Orb.
     0 | D:1      | Reached XP level 1. HP: 9/9 MP: 4/4
   431 | D:1      | Reached XP level 2. HP: 13/13 MP: 5/5
   527 | D:1      | Learned a level 2 spell: Blink
  1283 | D:1      | Reached XP level 3. HP: 11/16 MP: 8/8
  1429 | D:1      | Learned a level 3 spell: Teleport Other
  2259 | D:2      | Found a basalt altar of Yredelemnul.
  2506 | D:2      | Noticed Terence
  3395 | D:2      | Reached XP level 4. HP: 16/19 MP: 11/11
  3444 | D:2      | Reached skill level 5 in Translocations
  3658 | D:2      | Learned a level 2 spell: Shroud of Golubria
  3794 | D:2      | Killed Terence
  4226 | D:3      | Reached XP level 5. HP: 15/22 MP: 9/12
  4398 | D:3      | Noticed Crazy Yiuf
  4405 | D:3      | Slain by Crazy Yiuf
  4406 | D:3      | Reached XP level 4. HP: -4/19 MP: 9/11
  4419 | D:3      | Killed Crazy Yiuf
  4578 | D:3      | Reached skill level 6 in Translocations
  4690 | D:3      | Found a glowing silver altar of Zin.
  5099 | D:3      | Reached XP level 5. HP: 19/22 MP: 10/12
  5332 | D:4      | Found a bloodstained altar of Trog.
  5396 | D:4      | Noticed an ogre
  5721 | D:4      | Reached skill level 5 in Dodging
  5790 | D:4      | Found a sacrificial altar of Ru.
  5813 | D:4      | Noticed Charly's ghost (average HOGl)
  6213 | D:4      | Noticed a phantom
  6462 | D:4      | Killed a phantom
  6462 | D:4      | Gained mutation: You are covered in thick fur (AC +2). [growing up]
  6462 | D:4      | Reached XP level 6. HP: 13/26 MP: 12/15
  6993 | D:4      | Killed an ogre
  6993 | D:4      | Reached skill level 5 in Unarmed Combat
  7075 | D:4      | Found a glowing golden altar of the Shining One.
  7809 | D:5      | Entered Level 5 of the Dungeon
  7809 | D:5      | Noticed Natasha
  7818 | D:5      | Killed Natasha
  7850 | D:5      | Noticed Pikel
  7995 | D:4      | Reached XP level 7. HP: 6/30 MP: 11/17
  8214 | D:5      | Killed Pikel
  8214 | D:5      | Reached skill level 7 in Dodging
  8214 | D:5      | Reached XP level 8. HP: 20/33 MP: 14/18
  8513 | D:5      | Noticed Natasha
  8537 | D:5      | Noticed Grinder
  8549 | D:5      | Killed Natasha
  8549 | D:5      | Reached skill level 8 in Dodging
  8668 | D:5      | Found a deep blue altar of Sif Muna.
  8672 | D:5      | Became a worshipper of Sif Muna the Loreminder
  8813 | D:5      | Found a white marble altar of Elyvilon.
  8847 | D:5      | Found an opulent altar of Gozag.
  8854 | D:5      | Noticed Natasha
  8889 | D:5      | Noticed Natasha
  8889 | D:5      | Natasha changed into Natasha the jackal
  8896 | D:5      | Killed Natasha the jackal
  8969 | D:5      | Upgraded the game from 0.16-a0-4060-g00983b4 to 0.16-a0-4092-gb8933cd
  9003 | D:5      | Killed from afar by an orc wizard
  9004 | D:5      | Reached XP level 7. HP: 0/30 MP: 4/17
  9077 | D:5      | Killed Grinder
  9422 | D:5      | Noticed Eustachio
  9437 | D:5      | Killed Eustachio
  9437 | D:5      | Reached XP level 8. HP: 20/33 MP: 16/18
 10173 | D:6      | Reached skill level 9 in Unarmed Combat
 10250 | D:6      | Found Schiq's Jewellery Boutique.
 10357 | D:6      | Found a shattered altar of Ashenzari.
 10396 | D:6      | Found a radiant altar of Vehumet.
 10397 | D:6      | Found a burning altar of Makhleb.
 10578 | D:6      | Found a stormy altar of Qazlal.
 11218 | D:7      | Noticed Joseph
 11669 | D:7      | HP: 1/33 [black bear (4)]
 11671 | D:7      | Slain by a kobold

Inventory:

Jewellery
 n - a +3 ring of dexterity (left paw)
 o - an amulet of warding (around neck)
 C - a ring of protection from cold (right paw)
Magical devices
 w - a wand of polymorph (2)
 y - a wand of random effects (24)
 B - a wand of fireball (6)
 D - a wand of frost (1)
Scrolls
 b - 3 scrolls of fog
 d - a scroll of blinking
 e - 5 scrolls of remove curse
 h - 2 scrolls of random uselessness {unknown}
 i - 3 scrolls of teleportation {unknown}
 j - 4 scrolls of fear
 s - a scroll of noise {unknown}
 t - a scroll of immolation {unknown}
 u - 2 scrolls of amnesia {unknown}
 v - a scroll of enchant armour {unknown}
 A - a scroll of summoning {unknown}
Potions
 a - 2 potions of brilliance {unknown}
 g - 5 potions of curing
 k - a potion of restore abilities
 l - 4 potions of heal wounds
 q - 4 potions of haste
 r - 3 potions of poison {unknown}
 x - a potion of ambrosia {unknown}
 z - a potion of degeneration {unknown}
Books
 c - a book of Spatial Translocations

   Spells                             Type                      Level
   a - Apportation                    Translocation                1
   b - Blink                          Translocation                2
   c - Shroud of Golubria             Charms/Translocation         2
   d - Portal Projectile              Translocation                3
   e - Teleport Other                 Translocation                3
   f - Passage of Golubria            Translocation                4
Comestibles
 f - 3 meat rations
 p - a slice of pizza

Table legend:
 A = Turns spent in this place as a percentage of turns spent in the entire game.
 B = Non-inter-level travel turns spent in this place as a percentage of non-inter-level travel turns spent in the entire game.
 C = Inter-level travel turns spent in this place as a percentage of turns spent in this place.
 D = Turns resting spent in this place as a percentage of non-inter-level travel turns spent in this place.
 E = Turns spent auto-exploring this place as a percentage of non-inter-level travel turns spent in this place.
 F = Non-inter-level travel turns spent in this place divided by the number of levels of this place that you've seen.
                   A       B       C       D       E      F
               +-------+-------+-------+-------+-------+----------------------
         Total | 100.0 | 100.0 |   0.4 |   8.6 |   7.9 | 405.6
       Dungeon | 100.0 | 100.0 |   0.4 |   8.6 |   7.9 | 405.6
               +-------+-------+-------+-------+-------+----------------------


   Skills:
 - Level 2.0 Fighting
 + Level 9.3 Dodging
 * Level 9.5 Unarmed Combat
 - Level 2.5 Spellcasting
 + Level 8.3 Translocations


You had 4 spell levels left.
You knew the following spells:

 Your Spells              Type           Power        Failure   Level  Hunger
a - Apportation           Tloc           ####......   1%          1    #......
b - Blink                 Tloc           N/A          1%          2    ##.....
c - Teleport Other        Tloc           ####....     1%          3    ###....
d - Shroud of Golubria    Chrm/Tloc      ###.......   6%          2    ##.....


Dungeon Overview and Level Annotations

Branches:
Dungeon (7/15)
 Temple: D:4-7

Altars:
Ashenzari
Elyvilon
Gozag
Makhleb
Qazlal
Ru
Sif Muna
Trog
Vehumet
Yredelemnul
Zin
The Shining One

Shops:
D:6 =

Annotations:
D:4 Charly's ghost, average HOGl
D:7 Joseph


Innate Abilities, Weirdness & Mutations

You cannot wear armour.
You are incapable of wielding weapons or throwing items.
You have razor-sharp teeth.
You have supernaturally acute eyesight.
You are carnivorous and can eat meat at any time.
You cover ground quickly.
You are covered in thick fur (AC +2).
You have a slow metabolism.
Your paws have sharp claws that are effective at stabbing.


Message History

The kobold throws a stone.
The stone misses you. The kobold completely misses you.
You barely miss the kobold. The kobold completely misses you.
You completely miss the kobold. The kobold barely misses you.
You scratch the black bear.
The black bear begins to bleed from its wounds!
The black bear is lightly wounded.
The kobold closely misses you. The black bear completely misses you.
The black bear barely misses you. The black bear closely misses you.
You scratch the black bear but do no damage.
The black bear is lightly wounded.
The kobold misses you. The black bear bites you! The black bear claws you.
The black bear claws you.
You scratch the black bear but do no damage.
The black bear is lightly wounded.
You scratch the black bear.
The black bear is lightly wounded.
The black bear completely misses you. x2
The black bear claws you. The kobold misses you.
You are too injured to fight recklessly!
You are too injured to fight recklessly!
You are too injured to fight recklessly!
You scratch the black bear.
The black bear is moderately wounded.
The kobold misses you. The black bear closely misses you.
The black bear claws you. The black bear barely misses you.
You scratch the black bear.
The black bear is heavily wounded.
The kobold misses you. The black bear completely misses you.
The black bear completely misses you. The black bear misses you.
You closely miss the black bear.
The black bear is heavily wounded.
The kobold completely misses you. The black bear bites you.
The black bear claws you. The black bear completely misses you.
You scratch the black bear.
The black bear is almost dead.
You closely miss the black bear.
The black bear is almost dead.
The black bear goes berserk!
The kobold hits you.
You die...

#......## #..# ##....
#.......####..###...##
#......<..##..#...###.
.....####..(.......####.
.....#######......## #..
.........#####...#####..
.............(...##.....
.........................
.......h@................
.......K.................
........................
........................
........................
.......................
......................
.....................
.......(..........


You could see a black bear (berserk) and a kobold.

Table legend:
 A = Kills in this place as a percentage of kills in entire the game.
 B = Kills by you in this place as a percentage of kills by you in the entire game.
 C = Kills by friends in this place as a percentage of kills by friends in the entire game.
 D = Other kills in this place as a percentage of other kills in the entire game.
 E = Experience gained in this place as a percentage of experience gained in the entire game.
 F = Experience gained in this place divided by the number of levels of this place that you have seen.
                   A       B       C       D       E      F
               +-------+-------+-------+-------+-------+----------------------
         Total | 100.0 | 100.0 |  -nan |  -nan | 100.0 | 509.1
       Dungeon | 100.0 | 100.0 |  -nan |  -nan | 100.0 | 509.1
               +-------+-------+-------+-------+-------+----------------------

Vanquished Creatures
  Pikel (D:5)
  Grinder (D:5)
  Eustachio (D:5)
  3 centaurs
  A phantom (D:4)
  A slave (D:4)
  2 ogres
  4 crimson imps
  A centaur zombie (D:5)
  A gnoll shaman (D:5)
  A jelly (D:7)
  Crazy Yiuf (D:3)
  2 giant frog skeletons
  2 orc priests
  2 hounds
  6 worker ants
  Natasha (twice) (D:5)
  2 iguanas
  3 orc wizards (D:5)
  Terence (D:2)
  14 gnolls
  12 adders
  A shadow imp (D:6)
  A giant mite (D:5)
  2 worms
  4 giant geckos
  2 oozes (D:1)
  10 orcs
  4 ball pythons
  18 bats
  3 bat skeletons
  9 giant cockroaches
  16 goblins
  6 hobgoblins
  16 jackals
  7 kobolds
  2 quokkas
  A ball python zombie (D:5)
  2 giant cockroach zombies
  3 giant newts
  A quokka skeleton (D:5)
  A quokka zombie (D:6)
  13 rats
  A fungus (D:3)
187 creatures vanquished.

Vanquished Creatures (others)
  3 slaves (D:5)
  A scorpion (D:5)
  An orc priest (D:5)
  An adder (D:5)
  2 orcs (D:5)
  A bat zombie (D:5)
  A kobold (D:5)
10 creatures vanquished.

Grand Total: 197 creatures vanquished

Action                   |  1- 3 |  4- 6 |  7- 9 || total
-------------------------+-------+-------+-------++-------
Melee: Unarmed           |   160 |   270 |   279 ||   709
 Cast: Teleport Other    |    17 |    24 |    13 ||    54
       Apportation       |     1 |       |     1 ||     2
       Shroud of Golubri |       |    24 |    22 ||    46
       Blink             |       |     8 |     9 ||    17
Evoke: Wand              |       |    12 |     3 ||    15
  Use: Potion            |     2 |       |     1 ||     3
       Scroll            |       |       |     5 ||     5
 Stab: Sleeping          |     2 |     8 |     7 ||    17
       Distracted        |       |     1 |       ||     1
  Eat: Chunk             |    12 |    21 |    15 ||    48

Vault maps used:
D:1:      erik_arrival_gehennom
D:2:      nicolae_overflow_crystal_walls, first_bread, uniq_terence
D:3:      zin_treasury, uniq_crazy_yiuf_cottage
D:4:      lemuel_crystal_altar, lemuel_doored_altar, trog_three_pillars_becter
D:5:      led_sif_book, grunt_gozag_breadcrumbs, lemuel_coloured_pillars_altar,
          uniq_natasha, uniq_grinder, uniq_eustachio, uniq_pikel
D:6:      grunt_temple_overflow_lords_of_destruction, ashenzari_altar_1,
          kennysheep_mini, serial_shops, shop
D:7:      temple_hall, serial_shops, nicolae_shop_waterfront, uniq_joseph
